PBL
CANTON INDIANS @ LONDON MAJORS
08/24/2048
 
TOP OF THE 1ST
Canton Indians batting - Pitching for London Majors : LHP Raul Pimentel
Pitching: LHP Raul Pimentel
Batting: RHB Cruz Castro 0-0: Ball
1-0: Ball
2-0: Ball
3-0: Base on Balls
Batting: SHB Bob Ledlow 0-0: Ground out 4-3 (Groundball, 34, EV 107.5 MPH)
Cruz Castro to second
Batting: RHB Rob Marti 0-0: Called Strike
0-1: Ball
1-1: Foul Ball, location: 2F
1-2: Foul Ball, location: 2F
1-2: Foul Ball, location: 2F
1-2: Foul Ball, location: 2F
1-2: Ball
2-2: Fly out, F8 (Flyball, 8RD, EV 89.4 MPH)
Runner from 2nd tags up, SAFE at 3rd with throw by CF
Batting: RHB Willie Toral 0-0: Ball
1-0: Foul Ball, location: 2F
1-1: Called Strike
1-2: Fly out, F7 (Flyball, 7, EV 93.1 MPH)
Top of the 1st over - 0 runs, 0 hits, 0 errors, 1 left on base; Canton 0 - London 0
BOTTOM OF THE 1ST
London Majors batting - Pitching for Canton Indians : RHP Ian McLeod
Pitching: RHP Ian McLeod
Batting: LHB Edwin Esparza 0-0: Foul Ball, location: 2F
0-1: Fly out, F8 (Flyball, 89XD, EV 108.8 MPH)
Batting: SHB Toby Patenaude 0-0: Ball
1-0: Foul Ball, location: 2F
1-1: Ball
2-1: Ground out 4-3 (Groundball, 4, EV 103.1 MPH)
Batting: RHB Cedric Nicholls 0-0: Called Strike
0-1: Ground out 5-3 (Groundball, 5L, EV 97.5 MPH)
Bottom of the 1st over - 0 runs, 0 hits, 0 errors, 0 left on base; Canton 0 - London 0
TOP OF THE 2ND
Canton Indians batting - Pitching for London Majors : LHP Raul Pimentel
Batting: RHB Jose Rodriguez 0-0: Ball
1-0: Called Strike
1-1: Swinging Strike
1-2: Ball
2-2: Fly out, F7 (Line Drive, 7S, EV 96.2 MPH)
Batting: RHB Jonathan Johnstad 0-0: Ground out 5-3 (Groundball, 5, EV 80.6 MPH)
Batting: LHB Jason Kessler 0-0: Ball
1-0: Foul Ball, location: 2F
1-1: Ball
2-1: Ball
3-1: Base on Balls
Batting: SHB Ryan Donohoe 0-0: Ball
1-0: Foul Ball, location: 2F
1-1: Called Strike
1-2: Strikes out swinging
Top of the 2nd over - 0 runs, 0 hits, 0 errors, 1 left on base; Canton 0 - London 0
BOTTOM OF THE 2ND
London Majors batting - Pitching for Canton Indians : RHP Ian McLeod
Batting: RHB Tom Bergman 0-0: Foul Ball, location: 2F
0-1: Ball
1-1: SINGLE (Line Drive, 78S, EV 91.2 MPH)
Batting: RHB Cormackle Poohdatoot 0-0: Called Strike
0-1: Ball
1-1: Swinging Strike
1-2: Strikes out swinging
Batting: RHB Lewis O'Connell 0-0: Foul Ball, location: 2F
0-1: Called Strike
0-2: Ball
1-2: Ball
2-2: Fly out, F8 (Flyball, 8RXD, EV 88.1 MPH)
Batting: RHB Joy-shan Li 0-0: Ball
1-0: Ball
2-0: Fly out, F8 (Flyball, 8LM, EV 90.0 MPH)
Bottom of the 2nd over - 0 runs, 1 hit, 0 errors, 1 left on base; Canton 0 - London 0
TOP OF THE 3RD
Canton Indians batting - Pitching for London Majors : LHP Raul Pimentel
Batting: SHB Tom Auld 0-0: Ball
1-0: Swinging Strike
1-1: Ball
2-1: Fly out, F3 (Popup, 3F, EV 62.5 MPH)
Batting: RHB Cruz Castro 0-0: Ball
1-0: Swinging Strike
1-1: SINGLE (Line Drive, 34D, EV 104.4 MPH)
Batting: SHB Bob Ledlow 0-0: Ball
1-0: Ball
2-0: Called Strike
2-1: Foul Ball, location: 2F
2-2: Fly out, F8 (Flyball, 8LXD, EV 106.9 MPH)
Batting: RHB Rob Marti 0-0: Swinging Strike
0-1: Ball
1-1: Swinging Strike
1-2: Ball
2-2: Ball
3-2: Foul Ball, location: 2F
3-2: DOUBLE (Flyball, 8RXD, EV 101.9 MPH)
Cruz Castro to third
Cruz Castro scores
Batting: RHB Willie Toral 0-0: Called Strike
0-1: Called Strike
0-2: Foul Ball, location: 2F
0-2: Ball
1-2: Ball
2-2: Ball
3-2: Foul Ball, location: 2F
3-2: 2-RUN HOME RUN (Flyball, 7D, EV 105.0 MPH), Distance : 385 ft
Batting: RHB Jose Rodriguez 0-0: Called Strike
0-1: Swinging Strike
0-2: Ball
1-2: SOLO HOME RUN (Flyball, 78XD, EV 108.8 MPH), Distance : 408 ft
Batting: RHB Jonathan Johnstad 0-0: Called Strike
0-1: Ball
1-1: Called Strike
1-2: Strikes out swinging
Top of the 3rd over - 4 runs, 4 hits, 0 errors, 0 left on base; Canton 4 - London 0
BOTTOM OF THE 3RD
London Majors batting - Pitching for Canton Indians : RHP Ian McLeod
Batting: RHB Frank Pinksen 0-0: Ball
1-0: Called Strike
1-1: Ball
2-1: Fly out, F9 (Flyball, 89M, EV 83.8 MPH)
Batting: RHB Jerry Perez 0-0: Ball
1-0: Ball
2-0: Called Strike
2-1: SINGLE (Flyball, 89S, EV 99.4 MPH)
Batting: LHB Edwin Esparza 0-0: Ball
1-0: Called Strike
1-1: Ball
2-1: Ball
3-1: Base on Balls
Jerry Perez to second
Batting: SHB Toby Patenaude 0-0: Ball
1-0: Called Strike
1-1: Foul Ball, location: 2F
1-2: Ball
2-2: Ball
3-2: SINGLE (Groundball, 34D, EV 101.9 MPH)
Jerry Perez to third
Edwin Esparza to second
Runner from 3rd tries for Home, SAFE, throw by RF to home
Now in RF: Jahangir Baloch
Batting: RHB Cedric Nicholls 0-0: Ball
1-0: Swinging Strike
1-1: Swinging Strike
1-2: Fly out, F8 (Flyball, 8LM, EV 88.1 MPH)
Batting: RHB Tom Bergman 0-0: SINGLE (Line Drive, 5D, EV 103.1 MPH)
Edwin Esparza to third
Toby Patenaude to second
Batting: RHB Cormackle Poohdatoot 0-0: Ball
1-0: Ball
2-0: Foul Ball, location: 2F
2-1: Called Strike
2-2: Ball
3-2: Foul Ball, location: 2F
3-2: Base on Balls
Edwin Esparza scores
Toby Patenaude to third
Tom Bergman to second
Batting: RHB Lewis O'Connell 0-0: Called Strike
0-1: Fly out, F8 (Flyball, 89D, EV 104.4 MPH)
Bottom of the 3rd over - 2 runs, 3 hits, 0 errors, 3 left on base; Canton 4 - London 2
TOP OF THE 4TH
Canton Indians batting - Pitching for London Majors : LHP Raul Pimentel
Batting: LHB Jason Kessler 0-0: Ball
1-0: Foul Ball, location: 2F
1-1: Ball
2-1: Swinging Strike
2-2: Foul Ball, location: 2F
2-2: Fly out, F7 (Flyball, 7LM, EV 86.9 MPH)
Batting: SHB Ryan Donohoe 0-0: Ground out 5-3 (Groundball, 5S, EV 85.6 MPH)
Batting: SHB Tom Auld 0-0: Ball
1-0: SOLO HOME RUN (Line Drive, 9LD, EV 96.9 MPH), Distance : 362 ft
Batting: RHB Cruz Castro 0-0: Ball
1-0: Foul Ball, location: 2F
1-1: Called Strike
1-2: Strikes out swinging
Top of the 4th over - 1 run, 1 hit, 0 errors, 0 left on base; Canton 5 - London 2
BOTTOM OF THE 4TH
London Majors batting - Pitching for Canton Indians : RHP Ian McLeod
Batting: RHB Joy-shan Li 0-0: Called Strike
0-1: Ball
1-1: Ground out 3-1 (Groundball, 34S, EV 66.2 MPH)
Batting: RHB Frank Pinksen 0-0: Ball
1-0: Ball
2-0: Ball
3-0: Called Strike
3-1: Ground out 5-3 (Groundball, 56, EV 80.0 MPH)
Batting: RHB Jerry Perez 0-0: Called Strike
0-1: Foul Ball, location: 2F
0-2: Ball
1-2: Strikes out swinging
Bottom of the 4th over - 0 runs, 0 hits, 0 errors, 0 left on base; Canton 5 - London 2
TOP OF THE 5TH
Canton Indians batting - Pitching for London Majors : LHP Raul Pimentel
Batting: SHB Bob Ledlow 0-0: Ball
1-0: Ball
2-0: Ball
3-0: Base on Balls
Batting: RHB Rob Marti 0-0: Ball
1-0: Ball
2-0: Foul Ball, location: 2F
2-1: Ball
3-1: Foul Ball, location: 2F
3-2: Fly out, F4 (Popup, 34, EV 54.4 MPH)
Batting: RHB Willie Toral 0-0: Ball
1-0: Fly out, F9 (Flyball, 9S, EV 96.9 MPH)
Batting: RHB Jose Rodriguez 0-0: Fielders Choice at 2nd, 6-4 (Groundball, 56, EV 88.1 MPH)
Top of the 5th over - 0 runs, 0 hits, 0 errors, 1 left on base; Canton 5 - London 2
BOTTOM OF THE 5TH
London Majors batting - Pitching for Canton Indians : RHP Ian McLeod
Batting: LHB Edwin Esparza 0-0: Called Strike
0-1: Foul Ball, location: 2F
0-2: Ball
1-2: Foul Ball, location: 2F
1-2: Ball
2-2: Foul Ball, location: 2F
2-2: Ball
3-2: Foul Ball, location: 2F
3-2: Foul Ball, location: 2F
3-2: Ground out 6-3 (Groundball, 6MD, EV 105.0 MPH)
Batting: SHB Toby Patenaude 0-0: Called Strike
0-1: Foul Ball, location: 2F
0-2: Strikes out looking
Batting: RHB Cedric Nicholls 0-0: Called Strike
0-1: Swinging Strike
0-2: Ball
1-2: Ground out 6-3 (Groundball, 6, EV 90.0 MPH)
Bottom of the 5th over - 0 runs, 0 hits, 0 errors, 0 left on base; Canton 5 - London 2
TOP OF THE 6TH
Canton Indians batting - Pitching for London Majors : LHP Raul Pimentel
Batting: SHB Jahangir Baloch 0-0: Foul Ball, location: 2F
0-1: Ball
1-1: Foul Ball, location: 2F
1-2: Ball
2-2: Ground out 6-3 (Groundball, 6, EV 85.0 MPH)
Batting: LHB Jason Kessler 0-0: Ball
1-0: Ball
2-0: Ball
3-0: Base on Balls
Batting: SHB Ryan Donohoe 0-0: Foul Ball, location: 2F
0-1: Grounds into double play, 4-6-3 (Groundball, 34, EV 88.8 MPH)
Top of the 6th over - 0 runs, 0 hits, 0 errors, 0 left on base; Canton 5 - London 2
BOTTOM OF THE 6TH
London Majors batting - Pitching for Canton Indians : RHP Ian McLeod
Batting: RHB Tom Bergman 0-0: Ball
1-0: Called Strike
1-1: Foul Ball, location: 2F
1-2: Strikes out swinging
Batting: RHB Cormackle Poohdatoot 0-0: Swinging Strike
0-1: Ball
1-1: Swinging Strike
1-2: Strikes out looking
Batting: RHB Lewis O'Connell 0-0: Called Strike
0-1: Called Strike
0-2: Ball
1-2: Ball
2-2: Fly out, F4 (Popup, 34S, EV 91.9 MPH)
Bottom of the 6th over - 0 runs, 0 hits, 0 errors, 0 left on base; Canton 5 - London 2
TOP OF THE 7TH
Canton Indians batting - Pitching for London Majors : LHP Raul Pimentel
Pitching: RHP Justin Rubino
Batting: SHB Tom Auld 0-0: Ball
1-0: Fly out, F8 (Line Drive, 8LM, EV 105.6 MPH)
Batting: RHB Cruz Castro 0-0: Ball
1-0: SINGLE (Flyball, 4MD, EV 88.1 MPH)
Batting: SHB Bob Ledlow 0-0: Ball
1-0: Ball
Cruz Castro is caught stealing 2nd base 2-6
2-0: Foul Ball, location: 2F
2-1: Foul Ball, location: 2F
2-2: Strikes out swinging
Top of the 7th over - 0 runs, 1 hit, 0 errors, 0 left on base; Canton 5 - London 2
BOTTOM OF THE 7TH
London Majors batting - Pitching for Canton Indians : RHP Ian McLeod
Now in LF: Aubrey Regimbald
Batting: RHB Joy-shan Li 0-0: Fly out, F8 (Line Drive, 78M, EV 91.9 MPH)
Batting: RHB Frank Pinksen 0-0: Called Strike
0-1: Ball
1-1: Ground out 6-3 (Groundball, 6, EV 88.1 MPH)
Batting: RHB Jerry Perez 0-0: Ground out 6-3 (Groundball, 6MS, EV 68.1 MPH)
Bottom of the 7th over - 0 runs, 0 hits, 0 errors, 0 left on base; Canton 5 - London 2
TOP OF THE 8TH
Canton Indians batting - Pitching for London Majors : RHP Justin Rubino
Batting: RHB Rob Marti 0-0: Ball
1-0: Ball
2-0: Fly out, F7 (Flyball, 7D, EV 91.9 MPH)
Batting: RHB Willie Toral 0-0: Swinging Strike
0-1: Ball
1-1: Foul Ball, location: 2F
1-2: Foul Ball, location: 2F
1-2: Strikes out swinging
Batting: RHB Jose Rodriguez 0-0: Ball
1-0: Called Strike
1-1: Foul Ball, location: 2F
1-2: Ball
2-2: Foul Ball, location: 2F
2-2: Foul Ball, location: 2F
2-2: Ball
3-2: SINGLE (Groundball, 6D, EV 103.8 MPH)
Batting: SHB Jahangir Baloch 0-0: Ball
1-0: Foul Ball, location: 2F
1-1: Swinging Strike
1-2: Ball
2-2: Fly out, F7 (Flyball, 7S, EV 89.4 MPH)
Top of the 8th over - 0 runs, 1 hit, 0 errors, 1 left on base; Canton 5 - London 2
BOTTOM OF THE 8TH
London Majors batting - Pitching for Canton Indians : RHP Ian McLeod
Batting: LHB Edwin Esparza 0-0: Called Strike
0-1: Foul Ball, location: 2F
0-2: Ball
1-2: Ball
2-2: Foul Ball, location: 2F
2-2: Strikes out looking
Batting: SHB Toby Patenaude 0-0: Foul Ball, location: 2F
0-1: Ball
1-1: Ball
2-1: Foul Ball, location: 2F
2-2: Reached on error, E3 (Groundball, 3, EV 86.9 MPH)
Pitching: RHP Ryan Perkins
Batting: SHB Mike Fermin 0-0: Ball
1-0: Ball
2-0: Ball
3-0: Base on Balls
Toby Patenaude to second
Pinch Hitting: RHB Carlos Bravo 0-0: Called Strike
0-1: Ball
1-1: Ball
2-1: SINGLE (Flyball, 89S, EV 96.9 MPH)
Toby Patenaude to third
Mike Fermin to second
Pinch Hitting: SHB Joe Loveless 0-0: Called Strike
0-1: Called Strike
0-2: Strikes out swinging
Pinch Hitting: RHB Brandon Williams 0-0: Called Strike
0-1: Called Strike
0-2: Ball
1-2: Ball
2-2: Ball
3-2: Ground out 6-3 (Groundball, 6, EV 91.9 MPH)
Bottom of the 8th over - 0 runs, 1 hit, 1 error, 3 left on base; Canton 5 - London 2
TOP OF THE 9TH
Canton Indians batting - Pitching for London Majors : RHP Justin Rubino
Now at 1B: Joe Loveless
Now at SS: Carlos Murillo
Now in LF: Carlos Bravo
Batting: LHB Jason Kessler 0-0: Ball
1-0: Ball
2-0: Ball
3-0: Called Strike
3-1: Foul Ball, location: 2F
3-2: SINGLE (Flyball, 56D, EV 91.9 MPH)
Batting: RHB Aubrey Regimbald 0-0: Ball
1-0: Ball
2-0: Foul Ball, location: 2F
2-1: Bunted foul
2-2: Foul Ball, location: 2F
2-2: Grounds into double play, 3-6-1 (Groundball, 3, EV 88.8 MPH)
Batting: SHB Tom Auld 0-0: Ball
1-0: Ball
2-0: Foul Ball, location: 2F
2-1: Swinging Strike
2-2: Strikes out swinging
Top of the 9th over - 0 runs, 1 hit, 0 errors, 0 left on base; Canton 5 - London 2
BOTTOM OF THE 9TH
London Majors batting - Pitching for Canton Indians : RHP Ryan Perkins
Pitching: LHP Sam Johnson
Pinch Hitting: RHB Chad Colyer 0-0: Foul Ball, location: 2F
0-1: Foul Ball, location: 2F
0-2: Ball
1-2: Fly out, F8 (Flyball, 8RM, EV 86.2 MPH)
Pinch Hitting: RHB Mel Bohorquez 0-0: Ball
1-0: Ball
2-0: SOLO HOME RUN (Flyball, 8RXD, EV 90.6 MPH) (Inside the Park)
Pinch Hitting: RHB Manny Corral 0-0: Ball
1-0: Called Strike
1-1: Fly out, F7 (Flyball, 7, EV 95.6 MPH)
Pinch Hitting: RHB Mike Vaughan 0-0: Ball
1-0: Called Strike
1-1: Swinging Strike
1-2: Strikes out looking
Bottom of the 9th over - 1 run, 1 hit, 0 errors, 0 left on base; Canton 5 - London 3
Tuesday, March 28th , 2023 - OOTP Baseball 23.10 Build 110